 Dungeon Crawl Stone Soup version 0.23-a0-729-g94ec0301e6 (webtiles) character file.

74 Hercules1031 the Shield-Bearer (level 4, -5/37 HPs)
             Began as a Formicid Fighter on Jan 17, 2019.
             Killed from afar by an orc wizard (12 damage)
             ... with a puff of frost
             ... on level 3 of the Dungeon.
             The game lasted 00:02:59 (1555 turns).

Hercules1031 the Shield-Bearer (Formicid Fighter)   Turns: 1555, Time: 00:03:00

Health: -5/37      AC:  7    Str: 22    XL:     4   Next: 52%
Magic:  4/4        EV:  9    Int:  7    God:
Gold:   118        SH:  9    Dex: 10    Spells: 3/3 levels left

rFire    . . .     SeeInvis +   a - +0 war axe
rCold    . . .     Gourm    .   c - +0 shield
rNeg     . . .     Faith    .   b - +0 scale mail
rPois    .         Spirit   .   (helmet unavailable)
rElec    .         Reflect  .   (no cloak)
rCorr    .         Harm     .   (no gloves)
MR       .....                  (no boots)
Stlth    ..........             h - amulet of magic regeneration
HPRegen  0.12/turn              (no ring)
MPRegen  0.34/turn              (no ring)

@: no status effects
A: permanent stasis, dig shafts and tunnels, four strong arms, antennae 3
a: Dig, Shaft Self


You were on level 3 of the Dungeon.
You were not hungry.

You visited 1 branch of the dungeon, and saw 3 of its levels.

You collected 118 gold pieces.

Inventory:

Hand Weapons
 a - a +0 war axe (weapon)
Armour
 b - a +0 scale mail (worn)
 c - a +0 shield (worn)
Jewellery
 h - an amulet of magic regeneration (around neck)
Scrolls
 e - a scroll of amnesia {unknown}
 g - 3 scrolls of remove curse {unknown}
 j - 2 scrolls of identify {unknown}
 k - a scroll of enchant weapon {unknown}
Potions
 d - a potion of might
Comestibles
 f - 4 rations


   Skills:
 + Level 3.7 Fighting
 + Level 2.4 Axes
 + Level 3.7 Armour
 * Level 1.9 Dodging
 + Level 4.1 Shields


You had 3 spell levels left.
You didn't know any spells.
Your spell library was empty.

Dungeon Overview and Level Annotations

Branches:
Dungeon (3/15)

Altars:


Innate Abilities, Weirdness & Mutations

You cannot be hasted, slowed, berserked, paralysed or teleported.
You can dig through walls and to a lower floor.
Your four strong arms can wield two-handed weapons with a shield.
You have a pair of large antennae on your head. (SInv)


Message History

You barely miss the orc wizard. You hit the orc.
You block the orc wizard's attack. The orc hits you but does no damage.
The orc wizard hits you but does no damage.
The orc wizard casts a cantrip, but nothing happens.
The orc barely misses you.
Items here: ) [ †† a +0 flail; a +0 leather armour; an orc corpse; a hobgoblin corpse You barely miss the orc wizard.
You hit the orc but do no damage.
The orc wizard hits you but does no damage. x2
The orc hits you with a cursed -1 club. The orc wizard casts a spell at you.
The puff of frost hits you!
* * * LOW HITPOINT WARNING * * *
You hit the orc wizard but do no damage.
You slash the orc!
You kill the orc!
The orc wizard barely misses you. The orc wizard casts a spell at you.
The puff of frost hits you!
You die...

......# .. #.....#
.. ... ##.....##..
...####..........
.................
.%...(. ...?.....
.......##.......#
......o@).......#
......))†.......###
................+..
.......##.......#.#
....... #.......#.#
.######
#.......#.####
#.......+..<.#
#.......#.####
#.......#.#


You could see an orc wizard.

Vanquished Creatures
  An adder (D:2)
  An ooze (D:1)
  3 worms
  3 dart slugs
  A leopard gecko (D:2)
  4 orcs (D:3)
  A ball python (D:2)
  2 goblins (D:2)
  4 hobgoblins
  A jackal (D:2)
  8 kobolds
  5 bats
  2 frilled lizards (D:2)
  5 rats
41 creatures vanquished.

Notes
Turn   | Place    | Note
-------+----------+-------------------------------------------
     0 | D:1      | Hercules1031 the Formicid Fighter began the quest for the
                  | Orb.
     0 | D:1      | Reached XP level 1. HP: 18/18 MP: 1/1
    61 | D:1      | Reached XP level 2. HP: 14/24 MP: 2/2
   263 | D:1      | Reached skill level 1 in Dodging
   313 | D:1      | Reached XP level 3. HP: 23/29 MP: 3/3
   989 | D:2      | Reached skill level 4 in Shields
  1085 | D:2      | Reached XP level 4. HP: 36/36 MP: 4/4
  1555 | D:3      | Killed from afar by an orc wizard

Vault maps used:
D:1:      co_arrival_square_in_a_square_in_a_square, hangedman_decor_slide_cut,
          columned_hall_lemuel, minmay_stone_trees_small
D:2:      minmay_chambers_of_ones, first_ration
D:3:      uniq_grinder

Skill      XL: |  1  2  3 |
---------------+----------+-----
Dodging        | 1 |  1.9
Shields        | 4 |  4.1
Fighting       | |  3.7
Axes           | |  2.4
Armour         | |  3.7

Action                   |  1- 3 |  4- 6 || total
-------------------------+-------+-------++-------
Melee: War axe           |    78 |    48 ||   126
 Abil: Dig               |       |     1 ||     1
  Use: Potion            |       |     2 ||     2
  Eat: Ration            |     1 |       ||     1
Armor: Scale mail        |    36 |    12 ||    48
Dodge: Dodged            |    30 |    14 ||    44
Block: Shield            |    46 |    24 ||    70

Table legend:
 A = Non-vault XP
 B = Vault XP
 C = Vault XP percentage of total XP
 D = Non-vault monster count
 E = Vault monster count
 F = Vault count percentage of total count
                 A         B        C        D         E       F
            +---------+---------+-------+---------+---------+-------
      Total |      98 |       8 |   7.5 |      36 |       5 |  12.2
            +---------+---------+-------+---------+---------+-------
        D:1 |      34 |       0 |   0.0 |      15 |       0 |   0.0
        D:2 |      45 |       8 |  15.1 |      15 |       5 |  25.0
        D:3 |      19 |       0 |   0.0 |       6 |       0 |   0.0
            +---------+---------+-------+---------+---------+-------
